Map: Orbital Shipyard

Players

Javert

  • Race: Zerg Zerg
  • League: Grandmaster

SeadogScTWO - Winner!

  • Race: Zerg Zerg
  • League: Silver

VOD

Have the link to the VOD?

Description

Time

  • Played on: July 14, 2015, 8:29 p.m.
  • Length: 5:36
Show
View Real Time Build Order
Export as new Build Order

Javert Zerg 

Build Orders: Hatch First 

Get SALT Encoding   

  12  0:01  Drone  
  13  0:19  Overlord  
  14  0:21  Drone  
  14  0:38  Drone x2  
  16  0:53  Drone  
  16  0:55  Hatchery  
  16  0:57  Extractor  
  15  1:11  Drone x2  
  15  1:15  Drone  
  18  1:20  Spawning Pool  
  18  1:25  Drone  
  18  1:35  Drone  
  19  1:52  Drone  
  20  1:59  Overlord  
  20  2:07  Metabolic Boost, Queen  
  20  2:08  Queen  
  22  2:12  Zergling x2  
  22  2:13  Zergling x2  
  26  2:21  Zergling x4  
  28  2:31  Baneling Nest  
  28  2:33  Drone x2  
  29  2:52  Drone x4  
  33  3:11  Drone x2, Overlord  
  35  3:15  Overlord  
  35  3:24  Baneling x3  
  35  3:43  Zergling x16  
  43  3:49  Queen  
  45  3:59  Hatchery  
  42  4:19  Drone x8  
  42  4:20  Drone  
  51  4:29  Spine Crawler  
  50  4:42  Spine Crawler  
  40  4:53  Overlord x2  
  40  4:55  Extractor  
  40  4:57  Zergling x6  
  40  4:58  Roach Warren, Zergling x8  
  44  5:10  Extractor  
  44  5:11  Extractor  
  43  5:17  Drone x3  
  43  5:18  Drone x3  
  49  5:25  Evolution Chamber, Spine Crawler  
Show
View Real Time Build Order
Export as new Build Order

SeadogScTWO Zerg - Winner!

Build Orders: Hatch First 

Get SALT Encoding   

  12  0:01  Drone  
  13  0:13  Overlord  
  13  0:18  Drone  
  14  0:32  Drone  
  14  0:33  Drone  
  16  0:35  Drone  
  17  0:53  Hatchery  
  17  0:55  Drone  
  17  1:13  Drone, Spawning Pool  
  17  1:15  Extractor  
  16  1:23  Drone x2  
  18  1:30  Drone  
  19  1:41  Drone  
  20  1:50  Overlord  
  20  2:02  Drone  
  20  2:05  Drone  
  22  2:11  Queen  
  24  2:19  Hatchery, Zergling x2  
  24  2:24  Queen  
  26  2:30  Metabolic Boost  
  26  2:31  Zergling x2  
  26  2:34  Drone  
  28  2:37  Drone  
  28  2:40  Drone  
  30  2:46  Drone x2  
  30  2:50  Drone  
  33  2:55  Baneling Nest  
  33  2:57  Zergling x2  
  33  3:03  Drone  
  34  3:06  Zergling x2  
  34  3:11  Zergling x2  
  36  3:16  Overlord  
  36  3:23  Overlord  
  36  3:27  Spine Crawler  
  36  3:32  Zergling x4  
  36  3:33  Zergling x10  
  42  3:36  Zergling x2  
  43  3:41  Baneling x3  
  43  3:43  Zergling x2  
  43  3:44  Zergling x2  
  43  3:46  Drone  
  43  3:48  Drone  
  47  4:01  Zergling x2  
  47  4:02  Zergling x4  
  46  4:18  Zergling x12  
  52  4:29  Zergling x6  
  52  4:47  Drone x3  
  52  4:48  Drone x2  
  56  4:54  Queen  
  56  4:56  Zergling x2  
  56  4:59  Overlord x3  
  57  5:08  Overlord x2  
  57  5:14  Baneling  
  57  5:15  Baneling x8  
  57  5:17  Zergling x2  
  57  5:18  Zergling x2  
Tags
 
Add a new tag
Caveats
  • Supply blocks, unpowered buildings, or Contaminate may cause inaccurate times.
  • Supply counts are checked every 10 seconds.